 Dungeon Crawl Stone Soup version 0.18-a0-844-g9229740 (webtiles) character file.

8888 Raultor the Basher (level 11, -1/88 HPs)
             Began as a Demonspawn Fighter on Dec 18, 2015.
             Was a High Priest of Makhleb.
             Killed from afar by a deep elf mage (25 damage)
             ... with a bolt of lightning
             ... on level 11 of the Dungeon.
             The game lasted 00:37:59 (10013 turns).

Raultor the Basher (Demonspawn Fighter)            Turns: 10013, Time: 00:38:00

Health: -1/88      AC: 27    Str: 18    XL:     11   Next: 15%
Magic:  16/16      EV:  6    Int:  9    God:    Makhleb [*****.]
Gold:   729        SH: 11    Dex: 15    Spells: 0 memorised, 10 levels left

rFire  + + .     SeeInvis .     Y - +3 flail (protect)
rCold  + . .     Gourm    .     Z - +1 chain mail {rC+}
rNeg   . . .     Faith    .     c - +0 shield
rPois  .         Spirit   .     u - +2 helmet
rElec  .         Dismiss  .     r - +0 cloak
rCorr  +         Reflect  .     (no gloves)
SustAt .         Harm     .     M - +0 pair of boots
MR     .....                    S - amulet of resist corrosion {rCorr, !d}
Stlth  ..........               t - +4 ring of protection
                                o - ring of protection from fire {rF+, !d}

@: drained, not resistant to hostile enchantments, extremely unstealthy
A: hooves 2, rugged brown scales 1, fire resistance 1, powered by death 3
a: Minor Destruction, Lesser Servant of Makhleb, Major Destruction, Greater
Servant of Makhleb, Renounce Religion


You were on level 11 of the Dungeon.
You worshipped Makhleb.
Makhleb was extremely pleased with you.
You were not hungry.

You visited 1 branch of the dungeon, and saw 11 of its levels.

You collected 779 gold pieces.
You spent 50 gold pieces at shops.

Inventory:

Hand Weapons
 n - a +1 whip of flaming
   (You took it off Pikel on level 6 of the Dungeon)
 Y - a +3 flail of protection (weapon)
   (You took it off an orc on level 8 of the Dungeon)
Missiles
 G - a throwing net {=f, !d}
 K - 2 curare-tipped needles
Armour
 c - a +0 shield (worn)
 r - a +0 cloak (worn)
   (You took it off Maurice on level 10 of the Dungeon)
 u - a +2 helmet (worn)
   (You found it on level 3 of the Dungeon)
 M - a +0 pair of boots (worn)
   (You found it on level 7 of the Dungeon)
 Z - a +1 chain mail of cold resistance (worn)
   (You took it off an orc priest on level 11 of the Dungeon)
Jewellery
 o - a ring of protection from fire (left hand) {rF+, !d}
   (You found it on level 2 of the Dungeon)
 t - a +4 ring of protection (right hand)
   (You found it on level 4 of the Dungeon)
 v - an uncursed ring of wizardry {Wiz+, !d}
   (You found it on level 3 of the Dungeon)
 S - an amulet of resist corrosion (around neck) {rCorr, !d}
   (You found it on level 8 of the Dungeon)
Wands
 U - a wand of paralysis (13)
   (You found it on level 8 of the Dungeon)
 V - a wand of fire (11)
   (You found it on level 8 of the Dungeon)
Scrolls
 d - 2 scrolls of fear {unknown}
 e - 2 scrolls of amnesia {unknown}
 g - 2 scrolls of teleportation
 l - a scroll of identify
 m - a scroll of magic mapping {unknown}
 p - 5 scrolls of remove curse
 q - 2 scrolls of fog {unknown}
 y - a scroll of immolation {unknown}
 A - a scroll of holy word {unknown}
 B - 2 scrolls of blinking {unknown}
 C - 3 scrolls of enchant weapon
 D - a scroll of enchant armour {unknown}
 F - 2 scrolls of recharging
 W - a scroll of vulnerability {unknown}
Potions
 h - 4 potions of heal wounds
 i - 7 potions of curing {unknown}
 s - a potion of cancellation
 J - 3 potions of berserk rage {!q}
 L - a potion of brilliance
 N - 2 potions of magic
 O - a potion of ambrosia {!q}
 P - 2 potions of agility
 R - 2 potions of flight
 X - 2 potions of lignification {!q}
Books
 j - a book of Power
   (You found it on level 10 of the Dungeon)
 E - a book of Cantrips
   (You found it on level 4 of the Dungeon)
Miscellaneous
 I - a plain deck of changes {drawn: 1}
   (You found it on level 10 of the Dungeon)
Comestibles
 a - a royal jelly
 f - 9 bread rations {@e1}
 k - 3 beef jerkies
 w - 9 slices of pizza
 x - 4 chunks of flesh {@w0}
 z - 4 fruits
 T - 5 meat rations {@e2}


   Skills:
 + Level 8.1(8.0) Fighting
 * Level 9.9(9.7) Maces & Flails
 + Level 7.1(6.9) Armour
 + Level 7.2(7.1) Shields
 + Level 7.4(7.3) Invocations


You had 10 spell levels left.
You didn't know any spells.

Dungeon Overview and Level Annotations

Branches:
Dungeon (11/15)            Temple (0/1) D:6            Lair (0/8) D:10
    Orc: D:9-12

Altars:
Ashenzari
Dithmenos
Elyvilon
Fedhas
Gozag
Kikubaaqudgha
Makhleb
Nemelex Xobeh
Pakellas
Qazlal
Ru
Sif Muna
Xom
Yredelemnul
The Shining One

Shops:
D:8 *


Innate Abilities, Weirdness & Mutations

You have hoof-like feet.
You are partially covered in rugged brown scales (AC +1, +3% HP).
Your flesh is heat resistant.
You regenerate a lot of health from kills.


Message History

You hit the orc warrior but do no damage.
The orc warrior hits you with a crude dire flail {antimagic}.
You take 3 damage, and have 73/88 hp.
You sock the orc warrior! You block the orc warrior's attack.
You hit the orc warrior.
The orc warrior hits you but does no damage.
You closely miss the orc warrior.
You hit the orc warrior but do no damage.
The orc warrior hits you but does no damage.
You closely miss the orc warrior.
The orc warrior hits you but does no damage.
You hit the orc warrior.
The orc warrior hits you but does no damage.
You closely miss the orc warrior. You block the orc warrior's attack.
You sock the orc warrior!
You kill the orc warrior!
Makhleb accepts your kill.
You can now summon a greater servant of Makhleb.
You feel better.
You regained 5 hp, and now have 80/88 hp.
Things that are here:
a crude dire flail {antimagic}; a chain mail
b - a crude dire flail {antimagic} Wield which item (- for none, * to show all)? (? for menu, Esc to quit)
You can't wield that with a shield.
Drop what? 51/52 slots (_ for help) (? for menu, Esc to quit)
Okay, then.
Read which item? (? for menu, Esc to quit)
Identify which item? (\ to view known items) (? for menu, Esc to quit)
As you read the scroll of identify, it crumbles to dust.
b - the +4 dire flail "Notwuah" {antimagic, *Rage MP+9 Dex+4 Stlth+} You regained 2 hp, and now have 84/88 hp.
Drop what? 51/52 slots (_ for help) (? for menu, Esc to quit)
You drop the +4 dire flail "Notwuah" {antimagic, *Rage MP+9 Dex+4 Stlth+}.
You drop a scimitar.
You regained 2 hp, and now have 86/88 hp.
Things that are here:
a scale mail; a trident of venom
There is a stone staircase leading down, spattered with blood here.
Health restored: 88 You climb downwards.
There is a stone staircase leading up, spattered with blood here.
The troll shouts!
Some of the chunks of flesh in your inventory have rotted away.
You hit the troll. The troll bites you. The troll claws you but does no damage.
You block the troll's attack.
You take 6 damage, and have 82/88 hp.
You hit the troll. You block the troll's attack. You block the troll's attack.
The troll claws you but does no damage.
A deep elf mage comes into view. It is wielding a mace.
You regained 2 hp, and now have 84/88 hp.
The deep elf mage shouts!
You hit the troll. The troll bites you but does no damage.
You block the troll's attack. x2
You closely miss the troll. You hit the troll. You block the troll's attack.
The troll claws you but does no damage. The troll claws you!
The deep elf mage mumbles some strange words.
The deep elf mage blinks!
You take 7 damage, and have 79/88 hp.
You hit the troll.
You feel less regenerative. You block the troll's attack.
The troll barely misses you. The troll claws you!
You take 9 damage, and have 70/88 hp.
You sock the deep elf mage! The troll bites you!
The troll completely misses you. The troll claws you.
The deep elf mage hits you but does no damage.
You take 14 damage, and have 56/88 hp.
You hit the deep elf mage. You block the troll's attack.
You block the troll's attack. The troll claws you but does no damage.
The deep elf mage hits you but does no damage.
You closely miss the deep elf mage. The troll closely misses you.
The troll closely misses you. You block the troll's attack.
You closely miss the deep elf mage. The troll bites you but does no damage.
You block the troll's attack. x2
The deep elf mage hits you but does no damage.
You closely miss the deep elf mage. The troll bites you!
The troll claws you but does no damage. You block the troll's attack.
The deep elf mage hits you but does no damage.
You take 14 damage, and have 43/88 hp.
MP restored: 16 You hit the deep elf mage.
The troll bites you but does no damage. The troll barely misses you.
The troll claws you but does no damage.
The deep elf mage completely misses you.
Unknown command.
You hit the deep elf mage but do no damage.
You block the troll's attack. The troll claws you but does no damage.
You block the troll's attack.
The deep elf mage hits you but does no damage.
The troll bites you but does no damage. You block the troll's attack.
The troll claws you.
You take 1 damage, and have 43/88 hp.
The deep elf mage hits you but does no damage.
Things that are here:
a scale mail; a trident The deep elf mage casts a spell at you.
The bolt of lightning hits you!
* * * LOW HITPOINT WARNING * * *
The bolt of lightning hits you!
You die...

#...##...................
#...##.................. .#
#...###........#...>.... .#
#...###...[....#####.### ..
#...##..........##....###..
##..##.............##.#....
#..##.....e.........).....
######.##....@[T†.............
#........?...[[÷)..##..##.....
######...........>###..#......
#...##......## #....#....
#...###......###.#..#.###
#...# ##.###.............
#...# #..............### #####
#.)............$#


You could see a deep elf mage and a troll.

Vanquished Creatures
  An unseen horror (D:10)
  Pikel (D:6)
  2 hill giants (D:10)
  Maurice (D:10)
  Grinder (D:3)
  A two-headed ogre (D:10)
  A troll (D:10)
  A trapdoor spider (D:10)
  Sigmund (D:3)
  2 hippogriffs
  A wyvern (D:7)
  A human (D:7)
  A steam dragon (D:10)
  Menkaure (D:5)
  3 orc warriors (D:10)
  2 ice beasts
  A black bear (D:11)
  3 phantoms
  3 sky beasts
  3 ogres
  2 centaurs
  5 big kobolds
  4 giant frogs
  3 crocodiles (D:10)
  2 gnoll sergeants
  4 scorpions
  A wyvern skeleton (D:6)
  The ghost of tof the Ruffian, a weakling MiMo (D:3)
  8 wights (D:10)
  10 killer bees
  7 crimson imps
  2 orc priests
  A gnoll shaman (D:5)
  2 quasits
  2 giant frog zombies
  5 hounds
  A jelly (D:8)
  9 orc wizards
  2 centaur skeletons
  2 giant frog skeletons
  4 iguanas
  3 worker ants
  4 sheep (D:7)
  9 adders
  5 gnolls (D:5)
  A worker ant zombie (D:7)
  2 river rats (D:10)
  2 oozes
  An adder skeleton (D:4)
  2 worms
  5 giant geckos
  29 orcs
  15 goblins
  10 hobgoblins
  12 jackals
  3 quokkas
  A ball python (D:1)
  10 bats
  7 giant cockroaches
  A giant gecko skeleton (D:4)
  4 giant newts
  A jackal skeleton (D:7)
  A jackal zombie (D:7)
  25 kobolds
  17 rats
278 creatures vanquished.

Vanquished Creatures (collateral kills)
  A troll (D:10)
  A scorpion (D:10)
  An orc priest (D:10)
  An orc (D:10)
  6 bats (D:10)
  2 rats (D:10)
12 creatures vanquished.

Vanquished Creatures (others)
  A giant frog skeleton (D:6)
  An adder (D:11)
2 creatures vanquished.

Grand Total: 292 creatures vanquished

Notes
Turn   | Place    | Note
--------------------------------------------------------------
     0 | D:1      | Raultor the Demonspawn Fighter began the quest for the Orb.
     0 | D:1      | Reached XP level 1. HP: 18/18 MP: 1/1
    75 | D:1      | Reached skill level 2 in Maces & Flails
   116 | D:1      | Gained mutation: You regenerate a little health from kills. [demonic ancestry]
   116 | D:1      | Reached XP level 2. HP: 24/24 MP: 2/2
   223 | D:1      | Reached skill level 3 in Armour
   534 | D:1      | Gained mutation: You regenerate health from kills. [demonic ancestry]
   534 | D:1      | Reached XP level 3. HP: 29/29 MP: 3/3
  1258 | D:2      | Reached skill level 3 in Maces & Flails
  1262 | D:2      | Found a white marble altar of Elyvilon.
  1675 | D:2      | HP: 7/29 [adder (1)]
  1681 | D:2      | Reached XP level 4. HP: 30/35 MP: 4/4
  1731 | D:2      | Found a deep blue altar of Sif Muna.
  1829 | D:3      | Found a shattered altar of Ashenzari.
  1888 | D:3      | Noticed tof's ghost (weakling MiMo)
  1909 | D:3      | Killed tof's ghost
  1909 | D:3      | Reached skill level 3 in Shields
  1920 | D:3      | Noticed Grinder
  1931 | D:3      | Killed Grinder
  1931 | D:3      | Reached skill level 4 in Fighting
  1931 | D:3      | Reached skill level 4 in Maces & Flails
  1931 | D:3      | Gained mutation: You are partially covered in rugged brown scales (AC +1, +3% HP). [demonic ancestry]
  1931 | D:3      | Reached XP level 5. HP: 18/43 MP: 5/5
  1931 | D:3      | Gained mutation: You regenerate a lot of health from kills. [demonic ancestry]
  1931 | D:3      | Reached XP level 6. HP: 20/49 MP: 6/6
  2001 | D:3      | Noticed Sigmund
  2013 | D:3      | Killed Sigmund
  2013 | D:3      | Reached skill level 4 in Armour
  2130 | D:3      | Reached XP level 7. HP: 52/56 MP: 7/7
  2259 | D:3      | Found an oddly glowing altar of Pakellas.
  2401 | D:3      | Found a shimmering altar of Xom.
  2468 | D:3      | Reached skill level 5 in Maces & Flails
  2477 | D:3      | Reached skill level 4 in Shields
  2630 | D:4      | Found a sparkling altar of Nemelex Xobeh.
  2963 | D:4      | Found a sacrificial altar of Ru.
  3403 | D:5      | Entered Level 5 of the Dungeon
  3438 | D:5      | Reached skill level 5 in Fighting
  3845 | D:5      | Gained mutation: You have large cloven feet. [demonic ancestry]
  3845 | D:5      | Reached XP level 8. HP: 49/63 MP: 8/8
  3907 | D:5      | Noticed Menkaure
  3918 | D:5      | HP: 11/63 [??? (8)]
  3921 | D:5      | HP: 4/63 [Menkaure (7)]
  3922 | D:5      | Killed Menkaure
  3922 | D:5      | Reached skill level 6 in Maces & Flails
  4128 | D:5      | Found a burning altar of Makhleb.
  4141 | D:5      | Found an ancient bone altar of Kikubaaqudgha.
  4145 | D:5      | Found a blossoming altar of Fedhas.
  4162 | D:5      | Became a worshipper of Makhleb the Destroyer
  4347 | D:6      | Found a basalt altar of Yredelemnul.
  4408 | D:6      | Reached skill level 1 in Invocations
  4561 | D:6      | Found a staircase to the Ecumenical Temple.
  4639 | D:6      | Noticed Pikel
  4675 | D:6      | Killed Pikel
  4675 | D:6      | Reached skill level 5 in Armour
  4675 | D:6      | Reached skill level 5 in Shields
  4675 | D:6      | Reached skill level 2 in Invocations
  4716 | D:6      | Found a sparkling altar of Nemelex Xobeh.
  4748 | D:6      | Reached skill level 7 in Maces & Flails
  4748 | D:6      | Reached skill level 3 in Invocations
  4748 | D:6      | Reached XP level 9. HP: 65/71 MP: 11/11
  4821 | D:6      | Reached skill level 6 in Fighting
  5167 | D:6      | Got a warped dagger
  5168 | D:6      | Identified the +4 dagger of the Moth {flame, rC+} (You found it on level 6 of the Dungeon)
  5736 | D:7      | Reached * piety under Makhleb
  5809 | D:7      | Reached skill level 4 in Invocations
  6225 | D:7      | Reached ** piety under Makhleb
  6273 | D:7      | Reached skill level 6 in Armour
  6273 | D:7      | Reached skill level 6 in Shields
  6282 | D:7      | Reached skill level 8 in Maces & Flails
  6333 | D:7      | Reached skill level 5 in Invocations
  6372 | D:7      | Found a flagged portal.
  6585 | D:8      | Found Fem Jat's General Store.
  6656 | D:7      | Reached skill level 7 in Fighting
  6656 | D:7      | Gained mutation: Your flesh is heat resistant. [demonic ancestry]
  6656 | D:7      | Reached XP level 10. HP: 61/81 MP: 12/14
  6710 | D:8      | Bought a potion of heal wounds for 50 gold pieces
  6986 | D:8      | Found an opulent altar of Gozag.
  6988 | D:8      | Found a shadowy altar of Dithmenos.
  6991 | D:8      | Found a glowing golden altar of the Shining One.
  7002 | D:8      | Reached *** piety under Makhleb
  7007 | D:8      | Found a stormy altar of Qazlal.
  7817 | D:10     | Entered Level 10 of the Dungeon
  8082 | D:10     | Noticed Maurice
  8157 | D:10     | Killed Maurice
  8157 | D:10     | Reached skill level 6 in Invocations
  8464 | D:10     | Reached **** piety under Makhleb
  8464 | D:10     | Reached skill level 9 in Maces & Flails
  8528 | D:10     | Found a staircase to the Lair.
  9144 | D:10     | Reached ***** piety under Makhleb
  9199 | D:10     | Killed an unseen horror
  9199 | D:10     | Reached skill level 7 in Shields
  9270 | D:10     | Reached skill level 7 in Invocations
  9339 | D:11     | Noticed a hill giant
  9345 | D:11     | Noticed a hill giant
  9351 | D:11     | HP: 12/82 [hill giant/giant club (20)]
  9695 | D:10     | Gained mutation: You have hoof-like feet. [demonic ancestry]
  9695 | D:10     | Reached XP level 11. HP: 88/88 MP: 16/16
  9743 | D:10     | Noticed a hill giant
  9757 | D:10     | Killed a hill giant
  9757 | D:10     | Reached skill level 8 in Fighting
  9757 | D:10     | Reached skill level 7 in Armour
  9769 | D:10     | Killed a hill giant
  9988 | D:10     | Got a crude dire flail {antimagic}
  9989 | D:10     | Identified the +4 dire flail "Notwuah" {antimagic, *Rage MP+9 Dex+4 Stlth+} (You took it off an orc warrior on level 10 of the Dungeon)
 10013 | D:11     | Killed from afar by a deep elf mage

Vault maps used:
D:1:      lightli_arrival_farm, serial_aquarium, aquarium_bridge_long_separate,
          aquarium_window_fake, aquarium_window_2, aquarium_window_corridor_3,
          aquarium_window_1, aquarium_view_2a, aquarium_balcony_3b,
          roderic_chinese_pattern_swastika
D:2:      elyvilon_altar_5, lemuel_blue_sif_altar
D:3:      led_xom_imps, ashenzari_conservatory_becter, kennysheep_cross_room,
          minmay_misc_feat_encased, grunt_pakellas_mercury, uniq_grinder,
          uniq_sigmund
D:4:      nicolae_ru_sacrificial_ziggurat, lightli_sewer_entry_pipes,
          first_bread, nemelex_spade_bored_becter
D:5:      minitemple, minivault_24, kennysheep_another_room, uniq_menkaure
D:6:      lemuel_round_altar, nemelex_xobeh_ov_fountains_minmay,
          temple_fountains, minivault_11, uniq_pikel
D:7:      enter_bailey_3, grunt_livestock, item_on_display_a
D:8:      grunt_temple_overflow_open, serial_shops, shop
D:10:     grunt_lair_entry_orc_guard_hut, serial_co_window_serial,
          co_window_cross_1, co_window_of_opportunity_a, co_window_cross_1,
          co_window_corner_a, co_window_corner_a, co_window_2corner,
          co_window_corner_b, co_window_corner_b, co_window_4corner_b,
          glass_columns_a, glass_columns_c, uniq_maurice
D:11:     kennysheep_orc_monster_closet_entryway

Action                   |  1- 3 |  4- 6 |  7- 9 | 10-12 || total
-------------------------+-------+-------+-------+-------++-------
Melee: Flail             |   200 |    71 |   327 |   464 ||  1062
       Whip              |       |       |   356 |    91 ||   447
       Dagger            |       |       |    84 |       ||    84
       Unarmed           |       |       |       |     9 ||     9
Invok: Lesser Servant of |       |       |       |     4 ||     4
Evoke: Deck              |       |       |       |     1 ||     1
  Use: Potion            |     1 |     2 |     5 |     1 ||     9
       Scroll            |       |       |     2 |    15 ||    17
 Stab: Distracted        |       |       |       |     1 ||     1
       Invisible         |       |       |       |     1 ||     1
  Eat: Chunk             |     2 |     3 |    12 |    12 ||    29
       Pizza             |       |       |     1 |       ||     1
       Royal jelly       |       |       |     1 |       ||     1

Vault maps used:
D:1:      lightli_arrival_farm, serial_aquarium, aquarium_bridge_long_separate,
          aquarium_window_fake, aquarium_window_2, aquarium_window_corridor_3,
          aquarium_window_1, aquarium_view_2a, aquarium_balcony_3b,
          roderic_chinese_pattern_swastika
D:2:      elyvilon_altar_5, lemuel_blue_sif_altar
D:3:      led_xom_imps, ashenzari_conservatory_becter, kennysheep_cross_room,
          minmay_misc_feat_encased, grunt_pakellas_mercury, uniq_grinder,
          uniq_sigmund
D:4:      nicolae_ru_sacrificial_ziggurat, lightli_sewer_entry_pipes,
          first_bread, nemelex_spade_bored_becter
D:5:      minitemple, minivault_24, kennysheep_another_room, uniq_menkaure
D:6:      lemuel_round_altar, nemelex_xobeh_ov_fountains_minmay,
          temple_fountains, minivault_11, uniq_pikel
D:7:      enter_bailey_3, grunt_livestock, item_on_display_a
D:8:      grunt_temple_overflow_open, serial_shops, shop
D:10:     grunt_lair_entry_orc_guard_hut, serial_co_window_serial,
          co_window_cross_1, co_window_of_opportunity_a, co_window_cross_1,
          co_window_corner_a, co_window_corner_a, co_window_2corner,
          co_window_corner_b, co_window_corner_b, co_window_4corner_b,
          glass_columns_a, glass_columns_c, uniq_maurice
D:11:     kennysheep_orc_monster_closet_entryway

Table legend:
 A = Turns spent in this place as a percentage of turns spent in the entire game.
 B = Non-inter-level travel turns spent in this place as a percentage of non-inter-level travel turns spent in the entire game.
 C = Inter-level travel turns spent in this place as a percentage of turns spent in this place.
 D = Turns resting spent in this place as a percentage of non-inter-level travel turns spent in this place.
 E = Turns spent auto-exploring this place as a percentage of non-inter-level travel turns spent in this place.
 F = Non-inter-level travel turns spent in this place divided by the number of levels of this place that you've seen.
                   A       B       C       D       E      F
               +-------+-------+-------+-------+-------+----------------------
         Total | 100.0 | 100.0 |   0.3 |   1.0 |   8.9 | 293.0
       Dungeon | 100.0 | 100.0 |   0.3 |   1.0 |   8.9 | 293.0
               +-------+-------+-------+-------+-------+----------------------

Table legend:
 A = Kills in this place as a percentage of kills in entire the game.
 B = Kills by you in this place as a percentage of kills by you in the entire game.
 C = Kills by friends in this place as a percentage of kills by friends in the entire game.
 D = Other kills in this place as a percentage of other kills in the entire game.
 E = Experience gained in this place as a percentage of experience gained in the entire game.
 F = Experience gained in this place divided by the number of levels of this place that you have seen.
                   A       B       C       D       E      F
               +-------+-------+-------+-------+-------+----------------------
         Total | 100.0 | 100.0 | 100.0 |  -nan | 100.0 | 1154.4
       Dungeon | 100.0 | 100.0 | 100.0 |  -nan | 100.0 | 1154.4
               +-------+-------+-------+-------+-------+----------------------
